 Dungeon Sprint DCSS version 0.30-a0-800-g7c544603b3 (webtiles) character file.

Game seed: 11074088301949705782

44 BigDaddyOpFi the Trooper (level 3, 0/36 HPs)
             Began as a Hill Orc Fighter on Feb 21, 2023.
             Slain by an iguana (12 damage)
             ... in the Dungeon (Sprint IX: "|||||||||||||||||||||||||||||").
             The game lasted 00:00:08 (32 turns).

BigDaddyOpFi the Trooper (Hill Orc Fighter)           Turns: 32, Time: 00:00:09

Health: 0/36       AC:  7    Str: 20    XL:     3   Next: 62%
Magic:  3/3        EV:  9    Int:  8    God:
Gold:   0          SH:  5    Dex: 10    Spells: 2/2 levels left

rFire   . . .      SeeInvis .    a - +0 war axe
rCold   . . .      Faith    .    c - +0 buckler
rNeg    . . .      Spirit   .    b - +0 scale mail
rPois   .          Reflect  .    (no helmet)
rElec   .          Harm     .    (no cloak)
rCorr   .          Rampage  .    (no gloves)
Will    .....      NoTele   +    (no boots) Stlth
                                 (no amulet)
HPRegen 0.26/turn                (no ring)
MPRegen 0.08/turn                (no ring)

@: mighty
A: no striking features
a: no special abilities


You were in the Dungeon.
You visited 1 branch

Inventory:

Hand Weapons
 a - a +0 war axe (weapon)
Armour
 b - a +0 scale mail (worn)
 c - a +0 buckler (worn)
Scrolls
 j - a scroll of blinking
Potions
 e - a potion of curing
 f - a potion of heal wounds
 g - a potion of haste
 h - 2 potions of magic
 i - a potion of berserk rage


   Skills:
 + Level 5.4 Fighting
 + Level 5.1 Axes
 + Level 4.9 Armour
 + Level 5.0 Shields


You had 2 spell levels left.
You didn't know any spells.
Your spell library was empty.

Dungeon Overview and Level Annotations

Branches:
Dungeon (1/1)

Altars:


Message History

The orc wizard gestures wildly while chanting.
The orc wizard flickers and vanishes!
Deactivating autopickup; reactivate with Ctrl-A.
The howler monkey hits you.
You barely miss the howler monkey.
The howler monkey is moderately wounded.
The howler monkey closely misses you. The howler monkey hits you.
You barely miss the howler monkey.
The howler monkey is moderately wounded.
The howler monkey hoots and howls with incredible vigour!
The howler monkey barely misses you.
You barely miss the howler monkey.
The howler monkey is moderately wounded.
The howler monkey hits you.
You barely miss the howler monkey.
The howler monkey is moderately wounded.
The howler monkey hits you but does no damage.
The howler monkey barely misses you.
You slash the howler monkey!
The howler monkey is severely wounded.
You block the howler monkey's attack. The howler monkey hits you.
You completely miss the howler monkey.
The howler monkey is severely wounded.
The howler monkey hoots and howls with incredible vigour!
You slash the howler monkey!
You kill the howler monkey!
Your Fighting skill increases to level 5!
Your Axes skill gained 2 levels and is now at level 5!
Your Armour skill increases to level 4!
Your Shields skill gained 2 levels and is now at level 5!
You have reached level 2!
You have reached level 3!
Your experience leads to an increase in your attributes!
Increase (S)trength, (I)ntelligence, or (D)exterity?
You feel stronger. x2
Unknown command.
You hit the iguana.
The iguana is lightly wounded.
The iguana bites you! x2
You die...

▓+▓
▓.▓
▓.▓
▓.▓
▓O▓
▓h▓
▓l▓
▓@▓
▓.▓
▓.▓
▓.▓
▓.▓
▓'▓
▓.▓
▓.▓
▓.▓


You could see an ogre, an iguana and a hound.

Vanquished Creatures
  A howler monkey (D)
  An endoplasm (D)
  A hobgoblin (D)
  A ball python (D)
  2 rats (D)
6 creatures vanquished.

Notes
Turn   | Place    | Note
-------+----------+-------------------------------------------
     0 | D        | BigDaddyOpFi the Hill Orc Fighter began the quest for the
                  | Orb.
     0 | D        | Reached XP level 1. HP: 19/19 MP: 1/1
    17 | D        | Noticed an orc wizard
    17 | D        | Noticed an ogre
    17 | D        | Noticed a hound
    17 | D        | Noticed an iguana
    17 | D        | Noticed a howler monkey
    31 | D        | Killed a howler monkey
    32 | D        | Reached skill level 5 in Fighting
    32 | D        | Reached skill level 5 in Axes
    32 | D        | Reached skill level 5 in Shields
    32 | D        | Reached XP level 2. HP: 17/29 MP: 2/2
    32 | D        | Reached XP level 3. HP: 21/36 MP: 3/3
    32 | D        | Slain by an iguana

Illustrated notes

Levels and vault maps discovered:
D:        linesprint [early_d, line_temple, items_1, d_10, items_2, lair_1,
          lair_end, items_3, orc_1, orc_end, items_4, d_15, swamp_1, shoals_1,
          snake_1, spider_1, d_20, vaults_1, items_5, swamp_end, shoals_end,
          snake_end, spider_end, vaults_end, d_27, items_6, zot_1, zot_end,
          crypt_end, forest_end, elf_end, slime_end, tomb_end, abyss_end,
          pan_hell_end]

Skill      XL: |  1 |
---------------+----+-----
Axes           | 5 |  5.1
Fighting       | 5 |  5.4
Armour         | 4 |  4.9
Shields        | 5 |  5.0

Action                     || total
---------------------------++-------
  Melee: War axe           ||    21
    Use: Potion            ||     1
 Armour: Scale mail        ||     9
  Dodge: Dodged            ||     7
  Block: Buckler           ||     2

Table legend: (Time is in decaauts)
 A = Elapsed time spent in this place.
 B = Non-inter-level travel time spent in this place.
 C = Inter-level travel time spent in this place.
 D = Time resting spent in this place.
 E = Time spent auto-exploring this place.
 F = Levels seen in this place.
 G = Mean time per level.
                   A        B        C        D        E       F      G
               +--------+--------+--------+--------+--------+-----+--------+
         Total |     39 |     39 |      0 |      0 |      0 |   1 |   39.0 |
       Dungeon |     39 |     39 |      0 |      0 |      0 |   1 |   39.0 |
               +--------+--------+--------+--------+--------+-----+--------+

Top non-repeatable levels by time:
       D: 39 daAuts
